 Dungeon Crawl Stone Soup version 0.23-a0-32-g1388f29 (webtiles) character file.

373 glosham the Chopper (level 6, -13/57 HPs)
             Began as a Hill Orc Abyssal Knight on Aug 4, 2018.
             Was a Believer of Lugonu.
             Mangled by an ogre
             ... wielding a +0 giant club
              (21 damage)
             ... on level 3 of the Dungeon.
             The game lasted 00:20:00 (934 turns).

glosham the Chopper (Hill Orc Abyssal Knight)        Turns: 934, Time: 00:20:01

Health: -13/57     AC:  6    Str: 21    XL:     6   Next: 72%
Magic:  7/7        EV: 11    Int: 12    God:    Lugonu [**....]
Gold:   25         SH:  0    Dex: 10    Spells: 5/5 levels left

rFire    . . .     SeeInvis +   a - +1 hand axe
rCold    . . .     Gourm    .   (no shield)
rNeg     . . .     Faith    .   d - +0 leather armour
rPois    .         Spirit   .   h - +2 helmet {SInv}
rElec    .         Reflect  .   (no cloak)
rCorr    .         Harm     .   (no gloves)
MR       .....                  (no boots)
Stlth    +.........             (no amulet)
HPRegen  0.19/turn              A - ring of see invisible
MPRegen  0.10/turn              k - +4 ring of strength

@: no status effects
A: no striking features
a: Depart the Abyss, Bend Space, Renounce Religion


You were on level 3 of the Dungeon.
You worshipped Lugonu.
Lugonu was pleased with you.
You were hungry.

You visited 1 branch of the dungeon, and saw 3 of its levels.
You visited the Abyss 1 time.

You collected 25 gold pieces.

Inventory:

Hand Weapons
 a - a +1 hand axe (weapon)
 b - a +0 long sword of protection
 i - a +0 scythe
Missiles
 f - 5 javelins (quivered)
Armour
 d - a +0 leather armour (worn)
 h - a +2 helmet of see invisible (worn)
Jewellery
 k - a +4 ring of strength (right hand)
 A - a ring of see invisible (left hand)
Scrolls
 j - a scroll of fog
Potions
 e - a potion of haste
Comestibles
 c - 3 rations


   Skills:
 - Level 6.1 Fighting
 * Level 7.3 Axes
 - Level 2.1 Armour
 - Level 0.7 Dodging
 - Level 2.4 Invocations


You had 5 spell levels left.
You didn't know any spells.
Your spell library was empty.

Dungeon Overview and Level Annotations

Branches:
Dungeon (3/15)

Altars:


Message History

Lugonu accepts your kill. The jackal closely misses you.
You barely miss the jackal. The jackal barely misses you.
You slash the jackal!
You kill the jackal!
Lugonu accepts your kill.
You hit the jackal but do no damage.
The jackal bites you but does no damage. x2
You hit the jackal but do no damage.
A hobgoblin comes into view. It is wielding a club.
The jackal bites you but does no damage.
You barely miss the jackal.
The jackal bites you but does no damage.
You closely miss the jackal. The jackal closely misses you.
The jackal bites you but does no damage.
You are feeling hungry.
You slash the jackal!
You kill the jackal!
Lugonu accepts your kill.
You hit the jackal.
The jackal is heavily wounded.
The jackal misses you. The jackal barely misses you.
You hit the jackal.
You kill the jackal!
Lugonu accepts your kill.
You hit the ogre.
The ogre is moderately wounded.
The ogre hits you with a giant club!!
You barely miss the ogre.
The ogre is moderately wounded.
The ogre hits you with a giant club!
You hit the ogre.
The ogre is heavily wounded.
You hit the ogre.
The ogre is heavily wounded.
The ogre hits you with a giant club!
* * * LOW HITPOINT WARNING * * *
Okay, then.
You feel better. The ogre hits you with a giant club!!
You die...

#....<....#
+.........+
#.........#
##.......##
##.....##
##...##
##'## #.#
#@# #O# .g.
..(..
##...##
..... #..##
##.#


You could see an ogre and a hobgoblin.

Vanquished Creatures
  Sigmund (D:2)
  A small abomination (Abyss:2)
  Natasha (D:2)
  Robin (D:2)
  3 adders (D:2)
  An ooze (D:2)
  4 worms
  A leopard gecko (D:2)
  4 bats (D:2)
  19 goblins
  7 hobgoblins
  8 jackals
  A frilled lizard (D:2)
  6 kobolds (D:2)
  6 rats
64 creatures vanquished.

Notes
Turn   | Place    | Note
-------+----------+-------------------------------------------
     0 | Abyss:1  | glosham the Hill Orc Abyssal Knight began the quest for the Orb.
     0 | Abyss:1  | Reached XP level 1. HP: 19/19 MP: 2/2
    31 | Abyss:2  | Noticed a hellwing
    49 | Abyss:2  | Noticed a small abomination
    71 | Abyss:2  | Killed a small abomination
    71 | Abyss:2  | Reached skill level 6 in Fighting
    71 | Abyss:2  | Reached XP level 2. HP: 16/30 MP: 3/3
    71 | Abyss:2  | Reached XP level 3. HP: 20/37 MP: 4/4
    71 | Abyss:2  | Reached XP level 4. HP: 23/44 MP: 5/5
    77 | Abyss:2  | Noticed a thrashing horror
    78 | D:1      | Escaped the Abyss
   172 | D:1      | Reached skill level 3 in Axes
   175 | D:1      | Reached * piety under Lugonu
   382 | D:2      | Reached XP level 5. HP: 30/50 MP: 6/6
   413 | D:2      | Reached skill level 4 in Axes
   577 | D:2      | Noticed Robin
   586 | D:2      | Killed Robin
   590 | D:2      | Noticed Sigmund
   607 | D:2      | Killed Sigmund
   607 | D:2      | Reached skill level 6 in Axes
   607 | D:2      | Reached XP level 6. HP: 25/57 MP: 7/7
   651 | D:2      | Reached ** piety under Lugonu
   803 | D:2      | Noticed Natasha
   812 | D:2      | Killed Natasha
   812 | D:2      | Reached skill level 7 in Axes
   933 | D:3      | HP: 1/57 [ogre/giant club (14)]
   934 | D:3      | Mangled by an ogre

Vault maps used:
D:1:      tarquinn_simple_flora_water_d, fountainhead
D:2:      marbit_many_paths, lemuel_crystal_altar, minmay_goblin_outpost,
          uniq_sigmund, uniq_robin, uniq_natasha
D:3:      lemuel_doored_altar, xom_redecorated, nicolae_overflow_crystal_walls,
          gup_sewer_entry_pipe, uniq_jessica

Skill      XL: |  1  2  3  4  5  6 |
---------------+-------------------+-----
Fighting       | 6 |  6.1
Axes           | 3 6 7 |  7.3
Armour         | |  2.1
Dodging        | |  0.7
Invocations    | |  2.4

Action                   |  1- 3 |  4- 6 || total
-------------------------+-------+-------++-------
Melee: Long sword        |     6 |    27 ||    33
       Hand axe          |       |   163 ||   163
Throw: Javelin           |       |     3 ||     3
Invok: Depart the Abyss  |       |     1 ||     1
  Use: Scroll            |       |     5 ||     5
       Potion            |       |     2 ||     2
Armor: Leather armour    |     3 |    54 ||    57
Dodge: Dodged            |     7 |    90 ||    97
       Rpst.: Long sword |     3 |     5 ||     8

Table legend:
 A = Spawn XP
 B = Non-spawn XP
 C = Spawn XP percentage of total XP
 D = Spawn monster count
 E = Non-spawn monster count
 F = Spawn count percentage of total count
 G = Total turns spent on level
                    A         B        C        D         E        F      G
               +---------+---------+-------+---------+---------+-------+---------
         Total |       0 |     534 |   0.0 |       0 |      64 |   0.0 |   934
               +---------+---------+-------+---------+---------+-------+---------
           D:1 |       0 |      13 |   0.0 |       0 |       7 |   0.0 |   109
           D:2 |       0 |     391 |   0.0 |       0 |      50 |   0.0 |   708
           D:3 |       0 |      15 |   0.0 |       0 |       6 |   0.0 |    39
       Abyss:2 |       0 |     115 |   0.0 |       0 |       1 |   0.0 |    56
               +---------+---------+-------+---------+---------+-------+---------

Table legend:
 A = Turns spent in this place as a percentage of turns spent in the entire game.
 B = Non-inter-level travel turns spent in this place as a percentage of non-inter-level travel turns spent in the entire game.
 C = Inter-level travel turns spent in this place as a percentage of turns spent in this place.
 D = Turns resting spent in this place as a percentage of non-inter-level travel turns spent in this place.
 E = Turns spent auto-exploring this place as a percentage of non-inter-level travel turns spent in this place.
 F = Non-inter-level travel turns spent in this place divided by the number of levels of this place that you've seen.
                   A       B       C       D       E      F
               +-------+-------+-------+-------+-------+----------------------
         Total | 100.0 | 100.0 |   4.4 |   0.0 |   0.0 | 178.6
       Dungeon |  91.6 |  91.3 |   4.8 |   0.0 |   0.0 | 271.7
         Abyss |   8.4 |   8.7 |   0.0 |   0.0 |   0.0 |  39.0
               +-------+-------+-------+-------+-------+----------------------

Table legend:
 A = Kills in this place as a percentage of kills in entire the game.
 B = Kills by you in this place as a percentage of kills by you in the entire game.
 C = Kills by friends in this place as a percentage of kills by friends in the entire game.
 D = Other kills in this place as a percentage of other kills in the entire game.
 E = Experience gained in this place as a percentage of experience gained in the entire game.
 F = Experience gained in this place divided by the number of levels of this place that you have seen.
                   A       B       C       D       E      F
               +-------+-------+-------+-------+-------+----------------------
         Total | 100.0 | 100.0 |   N/A |   N/A | 100.0 | 106.8
       Dungeon |  98.4 |  98.4 |   N/A |   N/A |  78.5 | 139.7
         Abyss |   1.6 |   1.6 |   N/A |   N/A |  21.5 |  57.5
               +-------+-------+-------+-------+-------+----------------------

Vault maps used:
D:1:      tarquinn_simple_flora_water_d, fountainhead
D:2:      marbit_many_paths, lemuel_crystal_altar, minmay_goblin_outpost,
          uniq_sigmund, uniq_robin, uniq_natasha
D:3:      lemuel_doored_altar, xom_redecorated, nicolae_overflow_crystal_walls,
          gup_sewer_entry_pipe, uniq_jessica
